 Dungeon Crawl Stone Soup version 0.29.1-1-gd02db69 (webtiles) character file.

Game seed: 10236642429602518790

500 Kel the Cudgeller (level 6, -2/44 HPs)
             Began as a Demonspawn Gladiator on Mar 21, 2023.
             Killed by an exploding ball python (26 damage)
             ... ignited by their inner flame
             ... on level 4 of the Dungeon.
             The game lasted 00:06:56 (4830 turns).

Kel the Cudgeller (Demonspawn Gladiator)            Turns: 4830, Time: 00:06:57

Health: -2/44      AC:  9    Str: 16    XL:     6   Next: 94%
Magic:  6/6        EV:  5    Int: 12    God:
Gold:   220        SH:  9    Dex: 14    Spells: 5/5 levels left

rFire   . . .      SeeInvis .   a - +1 flail
rCold   . . .      Faith    .   h - +2 kite shield
rNeg    . . .      Spirit   .   m - +0 chain mail
rPois   .          Reflect  .   (helmet restricted)
rElec   .          Harm     .   (no cloak)
rCorr   +          Rampage  .   k - +0 pair of gloves
Will    .....                   (no boots)
Stlth   ..........              (no amulet)
HPRegen 0.14/turn               u - ring of resist corrosion
MPRegen 0.10/turn               (no ring)

@: no status effects
A: horns 1, big brain 1, demonic magic 2
a: no special abilities


You were on level 4 of the Dungeon.
You visited 1 branch of the dungeon, and saw 4 of its levels.

You collected 220 gold pieces.

Inventory:

Hand Weapons
 a - a +1 flail (weapon)
Missiles
 d - 3 throwing nets (quivered)
 e - 4 javelins
Armour
 h - a +2 kite shield (worn)
 k - a +0 pair of gloves (worn)
 m - a +0 chain mail (worn)
Jewellery
 u - a ring of resist corrosion (left hand)
Wands
 y - a wand of flame (3)
Scrolls
 b - a scroll of identify
 f - a scroll of immolation
 j - a scroll of amnesia {unknown}
 l - a scroll of fear {unknown}
 n - 2 scrolls of poison {unknown}
 p - a scroll of enchant weapon
 q - 2 scrolls of magic mapping {unknown}
 s - a scroll of acquirement {unknown}
 w - a scroll of torment {unknown}
Potions
 g - 3 potions of brilliance
 i - 2 potions of curing
 o - 2 potions of heal wounds
 r - a potion of lignification
 t - a potion of flight
 v - 2 potions of mutation {unknown}
 x - a potion of resistance {unknown}


   Skills:
 - Level 2.0 Fighting
 + Level 7.2 Maces & Flails
 - Level 1.7 Throwing
 - Level 2.6 Dodging


You had 5 spell levels left.
You didn't know any spells.
Your spell library contained the following spells:

 Spells                   Type           Power      Damage    Failure   Level
 Shock                    Conj/Air       0%         1d3       100%        1


Dungeon Overview and Level Annotations

Branches:
Dungeon (4/15)
 Temple: D:4-7

Altars:
Qazlal
Trog
Uskayaw

Shops:
D:1 !:[

Annotations:
D:4 Robin


Innate Abilities, Weirdness & Mutations

You have a pair of small horns on your head.
You have an unusually large brain. (Int +2)
Spells you cast may paralyse nearby enemies.


Message History

Robin throws the goblin at you! The goblin hits you with a +0 dagger.
You block the goblin's attack. x2
The goblin shouts!
The goblin barely misses you. The kobold closely misses you.
The hobgoblin hits you but does no damage.
Okay, then.
Okay, then.
Okay, then.
You thump the goblin!
You kill the goblin!
The goblin hits you with a +0 dagger. The kobold hits you with a +0 dagger.
You block the goblin's attack.
The ball python bites you but does no damage.
The ball python grabs you. The ball python constricts you.
As you read the scroll labelled ZORGHU JYDES, it crumbles to dust.
It is a scroll of enchant weapon.
Your +0 flail glows red for a moment.
The goblin hits you but does no damage. The kobold hits you but does no damage.
The goblin hits you with a +0 dagger. The goblin hits you but does no damage.
A goblin comes into view. It is wielding a +0 club.
You block the hobgoblin's attack.
The ball python bites you but does no damage.
The ball python constricts you.
As you read the scroll labelled DICA MAOBRAOMO, it crumbles to dust.
The creatures around you are filled with an inner flame!
It was a scroll of immolation.
The ball python bites you. The ball python constricts you.
You block the goblin's attack. You block the kobold's attack.
The goblin hits you but does no damage. The goblin hits you with a +0 club.
The hobgoblin hits you but does no damage.
Something unseen opens the door.
Okay, then.
You hit the ball python.
Flame seeps out of the ball python.
You headbutt the ball python.
The ball python explodes!
The fiery explosion engulfs the goblin!!
The fiery explosion engulfs the kobold!!!
The fiery explosion engulfs you!!
Ouch! That really hurt!
You die...

#.g## #..###
#..#.## #..#..##
## #..'...## ..
#..#....## '###
#..#.....# ....#
#..##.gg)#§.!..#
#..###.g@○S[.(.+
#..####g)#K.=..#
#..#.###.# ....#
#..#..#### +###
#.('...##
#..#....## .#
#..#.....## .##
#..##.....## ...
#..###..†..#
##..#


You could see Robin (inner flame), a hobgoblin (inner flame, strong), 2 goblins,
a ball python (inner flame) and a kobold (inner flame).

Vanquished Creatures
  An ice beast (D:4)
  A phantom (D:4)
  A scorpion (D:4)
  2 hounds (D:3)
  An orc priest (D:3)
  An orc wizard (D:3)
  Natasha (D:2)
  3 adders
  An ufetubus (D:4)
  3 worms
  5 dart slugs
  4 orcs
  10 endoplasms
  2 giant cockroaches (D:1)
  6 goblins
  6 hobgoblins
  6 jackals
  11 kobolds
  4 quokkas
  5 ball pythons
  5 bats
  2 frilled lizards
  4 rats
85 creatures vanquished.

Notes
Turn   | Place    | Note
-------+----------+-------------------------------------------
     0 | D:1      | Kel the Demonspawn Gladiator began the quest for the Orb.
     0 | D:1      | Reached XP level 1. HP: 16/16 MP: 1/1
    54 | D:1      | Reached skill level 3 in Maces & Flails
   372 | D:1      | Gained mutation: Spells you cast may paralyse adjacent
                  | enemies. [demonic ancestry]
   372 | D:1      | Reached XP level 2. HP: 21/22 MP: 2/2
   670 | D:1      | Found Dulelan's Armour Emporium.
   874 | D:1      | Found a faded altar of an unknown god.
   882 | D:1      | Got Plato's Spellbook of Combat Magic
   991 | D:1      | Found Seratoequm's Book Shop.
   992 | D:1      | Found Alialit's Distillery.
  1028 | D:1      | Reached XP level 3. HP: 25/27 MP: 3/3
  1398 | D:2      | Found a bloodstained altar of Trog.
  1494 | D:2      | Reached skill level 4 in Maces & Flails
  2030 | D:2      | Noticed Natasha
  2041 | D:2      | Killed Natasha
  2042 | D:2      | Gained mutation: You have an unusually large brain. (Int
                  | +2) [demonic ancestry]
  2042 | D:2      | Reached XP level 4. HP: 33/33 MP: 4/4
  2951 | D:3      | Reached skill level 5 in Maces & Flails
  3012 | D:3      | Gained mutation: Spells you cast may paralyse nearby
                  | enemies. [demonic ancestry]
  3012 | D:3      | Reached XP level 5. HP: 31/38 MP: 5/5
  3486 | D:3      | Reached skill level 6 in Maces & Flails
  3627 | D:3      | Found a hide-covered altar of Uskayaw.
  3983 | D:4      | Noticed an ice beast
  3991 | D:4      | Killed an ice beast
  3992 | D:4      | Gained mutation: You have a pair of small horns on your
                  | head. [demonic ancestry]
  3992 | D:4      | Reached XP level 6. HP: 30/44 MP: 6/6
  4290 | D:4      | Found a stormy altar of Qazlal.
  4752 | D:4      | Reached skill level 7 in Maces & Flails
  4812 | D:4      | Identified the +1 helmet "Wizik" {rF+++ Regen+ MP-9 Str+2}
  4812 | D:4      | Noticed Robin
  4830 | D:4      | Killed by an exploding ball python... ignited by their
                  | inner flame

Illustrated notes

Levels and vault maps discovered:
D:1:      dpeg_arrival_fog, layout_basic, serial_shops, shop, shop,
          shop_fountains, shapermc_ecumenical_altar_rom_forum
D:2:      layout_loops_corners, basic_altar, hangedman_glass_teeth, uniq_natasha
D:3:      cheibrodos_pilgrimage, layout_loops_ring, nicolae_uskayaw_suspiria
D:4:      layout_loops_corners, mainiacjoe_overflow_chevrons,
          gammafunk_ghost_mausoleum, minmay_quadrilaterals, uniq_robin

Skill      XL: |  1  2  3  4  5  6 |
---------------+-------------------+-----
Maces & Flails | 3 4 5 6 7 |  7.2
Fighting       | |  2.0
Throwing       | |  1.7
Dodging        | |  2.6

Action                   |  1- 3 |  4- 6 || total
-------------------------+-------+-------++-------
Melee: Flail             |   108 |   186 ||   294
       Headbutt          |       |     7 ||     7
Evoke: Wand              |       |     3 ||     3
  Use: Scroll            |       |     7 ||     7
Armor: Leather armour    |    20 |       ||    20
       Chain mail        |    19 |   123 ||   142
Dodge: Dodged            |    54 |    47 ||   101
Block: Kite shield       |    24 |    95 ||   119
